[Event "*** Titled Tuesday Blitz"]
[Site "Chess.com"]
[Date "2021.04.27"]
[Round "8"]
[White "Nikolaj_6"]
[Black "A-Fier"]
[Result "0-1"]
[WhiteElo "2652"]
[BlackElo "2830"]
[TimeControl "180+1"]
[EndTime "11:28:05 PDT"]
[Termination "A-Fier won by resignation"]

1. e4 Nf6 2. e5 Nd5 3. d4 d6 4.
c4 Nb6 5. exd6 exd6 6. Nc3 Be7 7. Bd3 Nc6 8. d5 Ne5 9. Nge2 O-O 10. b3 Nxd3+ 11.
Qxd3 Bf6 12. O-O Nd7 13. Be3 Nc5 14. Qd2 Bf5 15. Ng3 Bg6 16. Bd4 Re8 17. Rfe1 Bxd4 18. Qxd4 a5 19. h4 h6 20. Nb5 Qd7 21. h5 Bh7 22. Rad1 Na6 23. Nc3 Nb4 24. Qd2 Nd3 25. Rxe8+ Rxe8 26. Nce4 Rxe4 27. Nxe4 Bxe4 28. f3 Bh7 29.
Qxa5 Qd8 30. Qd2 Qh4 31. Qe3 Ne5 32. Rf1 Qxh5 33. f4 Nd7 34. Qe8+ Nf8 35. f5 Bxf5 36. Qe7 Bd3 37. Rf3 Qg6 38. Qxc7 Be4 39. Rf2 f5 40. Qxb7 Qg5 41. Qc7 Qc1+ 42. Rf1 Qe3+ 43. Rf2 Ng6 44. Qxd6 f4 45. Qe6+ Kh7 46. Qg4 f3 47. gxf3 Bd3 48.
f4 Be4 49. d6 Qe1+ 50. Rf1 Qd2 51.
d7 Nh4 52. Rf2 Qe1+ 53. Rf1 Qe3+ 54. Rf2 Nf3+ 55. Qxf3 Bxf3 56. d8=Q Qe1+ 57. Kh2 Qxf2+ 58. Kh3 Qg2+ 0-1

[Event "*** Titled Tuesday Blitz"]
[Site "Chess.com"]
[Date "2021.04.27"]
[Round "8"]
[White "Trovita84"]
[Black "secretsuperstar7"]
[Result "0-1"]
[WhiteElo "2131"]
[BlackElo "2215"]
[TimeControl "180+1"]
[EndTime "11:28:07 PDT"]
[Termination "secretsuperstar7 won by resignation"]

1. e4 c5 2. Nc3 Nc6 3. g3 Nf6 4. Bg2 d6 5. Nge2 g6 6. d3 Bg7 7.
O-O O-O 8. Be3 Ng4 9. Bd2 a6 10.
h3 Nf6 11. f4 Rb8 12. Rb1 Nd7 13. g4 b5 14. f5 Bb7 15. g5 b4 16. Nd5 Nce5 17.
Qe1 e6 18. fxe6 fxe6 19. Rxf8+ Qxf8 20. Ndf4 Re8 21. Qg3 Qe7 22. Rf1 Nb6 23. h4 d5 24.
h5 dxe4 25. dxe4 Nec4 26. Bc1 e5 27. Nd5 Nxd5 28. exd5 Nd6 29. h6 Bh8 30. Bh3 Bc8 31. Bg2 Nf5 32. Qf2 e4 33. Ng3 Bd4 34. Nxf5 Bxf2+ 35. Rxf2 Bxf5 36. Be3 Qd6 37. Rd2 Re5 38. Bf4 Kf8 39. Bxe5 Qxe5 40. d6 Ke8 41. Bf1 e3 42.
Re2 Qg3+ 43. Bg2 Qf4 44. Bc6+ Kd8 45. Bg2 Qxg5 46. Re1 Be4 47. Re2 Bxg2 48. Rxg2 Qf4 49. Re2 Qd4 50. Kf1 Kd7 51. Kg2 Qe4+ 52. Kf1 Kxd6 53.
Re1 Qf3+ 54. Kg1 Qf2+ 55. Kh1 Qxe1+ 56. Kg2 e2 57. Kf3 Qd2 58. Ke4 e1=Q+ 59. Kf3 Qdf2+ 60.
Kg4 Qeg1+ 0-1

[Event "*** Titled Tuesday Blitz"]
[Site "Chess.com"]
[Date "2021.04.27"]
[Round "8"]
[White "Gerodot71"]
[Black "Forantes"]
[Result "0-1"]
[WhiteElo "2561"]
[BlackElo "2513"]
[TimeControl "180+1"]
[EndTime "11:28:08 PDT"]
[Termination "Forantes won by resignation"]

1. d4 Nf6 2. c4 g6 3. Nc3 d5 4. cxd5 Nxd5 5. e4 Nxc3 6. bxc3 Bg7 7. Bc4 c5 8. Ne2 O-O 9. O-O cxd4 10. cxd4 Nc6 11.
Be3 Qa5 12. f3 Rd8 13. d5 Ne5 14. Bb3 e6 15. Nf4 exd5 16. Nxd5 Be6 17. Rc1 Nc6 18. Kh1 Rd7 19. Qe2 Rad8 20. Rfd1 Kh8 21. h4 h5 22. Bg5 Rc8 23. Be3 Rcd8 24. g3 Qa3 25. Kg2 Qb2 26. Rc2 Qa3 27. Rcd2 Nb4 28. Bc5 Bxd5 29.
Bxd5 Qa5 30. Bxb4 Qxb4 31. Rd3 Qe7 32. Rc1 Kh7 33. f4 Rc7 34. Rdd1 Rxc1 35. Rxc1 Rxd5 36. Rc2 Rd4 37. e5 Qd7 38. Kh2 Qg4 39. Qf2 Rd3 40.
Re2 Rf3 41. Qg2 Bh6 42. e6 fxe6 43. Rc2 Bg7 44. Rc7 Re3 45. Rc2 Qd1 46. Rd2 Qe1 47.
Rc2 Kh6 48. Rf2 Bd4 49. Rd2 Bc3 50. Rc2 Bd4 51. f5 Bb6 52. f6 Re4 53. f7 Rxh4+ 54.
gxh4 Qxh4+ 55. Qh3 Qf4+ 56. Qg3 Qxf7 57. Rg2 Bc7 58. Qxc7 Qxc7+ 0-1

[Event "*** Titled Tuesday Blitz"]
[Site "Chess.com"]
[Date "2021.04.27"]
[Round "8"]
[White "DenLaz"]
[Black "adnan_nn"]
[Result "0-1"]
[WhiteElo "2813"]
[BlackElo "2711"]
[TimeControl "180+1"]
[EndTime "11:28:09 PDT"]
[Termination "adnan_nn won by resignation"]

1. d4 Nf6 2. c4 g6 3. Nf3 Bg7 4. g3 O-O 5. Bg2 Nc6 6. Nc3 d5 7.
cxd5 Nxd5 8. O-O Nb6 9. e3 Re8 10. h3 e5 11. d5 Na5 12. Qc2 e4 13. Nxe4 Qxd5 14. Nd4 Qc4 15. Qxc4 Naxc4 16. b3 Ne5 17. Rd1 c6 18. Bb2 a5 19. a3 Nd5 20. Nc5 b6 21. Nxc6 Nxc6 22. Bxg7 Nce7 23. Na4 Kxg7 24. Bxd5 Nxd5 25.
Rxd5 Bxh3 26. Nxb6 Rab8 27. Nc4 Be6 28. Rd4 Bxc4 29.
bxc4 Rb3 30. Rc1 Rxa3 31. c5 Rc8 32. c6 Rb3 33. Rd7 Rb6 34. c7 Rb7 35. e4 a4 36.
e5 a3 37. e6 a2 38. Rxf7+ Kg8 39. Ra1 Rb1+ 40. Kg2 Rxa1 41. Rd7 Rc1 42. Rd8+ Kg7 43. Rxc8 a1=Q 44. e7 Rg1+ 45. Kf3 Qd1+ 46. Kf4 Qd2+ 47.
Kf3 Qd3+ 48. Kf4 Qf5+ 49. Ke3 Qxc8 0-1

[Event "*** Titled Tuesday Blitz"]
[Site "Chess.com"]
[Date "2021.04.27"]
[Round "8"]
[White "827883"]
[Black "Manukyan_Artak"]
[Result "0-1"]
[WhiteElo "2280"]
[BlackElo "2457"]
[TimeControl "180+1"]
[EndTime "11:28:10 PDT"]
[Termination "Manukyan_Artak won by checkmate"]

1. e4 c6 2. c4 d5 3. cxd5 cxd5 4.
exd5 Nf6 5. Qa4+ Nbd7 6. Nc3 g6 7. Bc4 Bg7 8. d3 O-O 9. Nf3 Nb6 10. Qb3 Bf5 11.
O-O Rc8 12. Re1 Nfd7 13. Bg5 Re8 14. d6 Nxc4 15. dxc4 Be6 16. Qxb7 Nc5 17. Qxa7 Qxd6 18. Rad1 Qb8 19. Qa3 Bxc4 20. Rxe7 Rxe7 21. Bxe7 Nd3 22. b3 Bxc3 23. bxc4 Nf4 24. Bd6 Rd8 25. c5 Bb4 26.
Qe3 Ne6 27. h3 Bxc5 28. Bxb8 Rxd1+ 29. Kh2 Bxe3 30. fxe3 Ra1 31. Be5 Rxa2 32. Nd4 Nxd4 33. Bxd4 f5 34. Kg3 Kf7 35. Kf3 Ra3 36. Kg3 Ke6 37.
Kf3 Kd5 38. Bg7 Ra4 39. Bh6 Re4 40. Bg5 Ke6 41. Bh6 Kf6 42. Bf4 g5 43. Bh2 h5 44.
Bg3 h4 45. Bh2 Kg6 46. Bb8 Ra4 47. Bc7 Kh5 48. Bb8 g4+ 49. Kf2 Ra2+ 50. Kf1 g3 51. Bf4 Kg6 52. Be5 Rc2 53. Bf4 Kf6 54.
Kg1 Rc1# 0-1

[Event "*** Titled Tuesday Blitz"]
[Site "Chess.com"]
[Date "2021.04.27"]
[Round "8"]
[White "Korchmar_Vasiliy"]
[Black "davidkalashian"]
[Result "0-1"]
[WhiteElo "2687"]
[BlackElo "2594"]
[TimeControl "180+1"]
[EndTime "11:28:11 PDT"]
[Termination "davidkalashian won by resignation"]

1. d4 Nf6 2. Nf3 e6 3. Bf4 b6 4.
Nbd2 Bb7 5. e3 c5 6. c3 Be7 7.
h3 O-O 8. a3 cxd4 9. cxd4 d6 10. Bd3 a6 11. Qe2 Re8 12. e4 Nbd7 13. Rd1 Nf8 14.
O-O Ng6 15. Bh2 Bf8 16. Rfe1 b5 17. e5 Nd5 18. Bxg6 hxg6 19. Ne4 dxe5 20. dxe5 Qb6 21.
Nfg5 f6 22. exf6 gxf6 23. Nf3 e5 24. Nh4 f5 25. Ng5 Qf6 26. Qd2 Bh6 27. f4 exf4 28. Ngf3 g5 29. Nxg5 Bxg5 30. Nf3 Bh6 31. Qc2 Kh8 32.
Qf2 Ne3 33. Rd7 Bc6 34. Rc7 Bxf3 35. Qxf3 Qb6 36. Rc6 Qd4 37. Rxh6+ Kg7 38. Kh1 Ng4 39. Rf1 Nxh6 40. Bxf4 Nf7 41. Qg3+ Kf8 42. Qh4 Qg7 43. Rf3 Re6 44. Rg3 Rg6 45. Rd3 Re8 46. Rd2 Kg8 47. Kh2 Ng5 48. Rd5 Ne4 49. Rxf5 Rxg2+ 50. Kh1 Rg1+ 0-1

[Event "*** Titled Tuesday Blitz"]
[Site "Chess.com"]
[Date "2021.04.27"]
[Round "8"]
[White "JiiHart"]
[Black "ExtremeLearner"]
[Result "1-0"]
[WhiteElo "2072"]
[BlackElo "2411"]
[TimeControl "180+1"]
[EndTime "11:28:11 PDT"]
[Termination "JiiHart won by resignation"]

1. e4 c6 2. d4 d5 3. Nc3 dxe4 4. Nxe4 Nf6 5. Nxf6+ exf6 6. c3 Bd6 7. Bd3 O-O 8.
Qf3 Re8+ 9. Ne2 Nd7 10. O-O Nf8 11. Bf4 Ng6 12. Bxd6 Qxd6 13. Rfe1 Be6 14. c4 Rad8 15. b3 a6 16. Rad1 Qd7 17. h3 b5 18. Nf4 Bf5 19. Rxe8+ Rxe8 20. Nxg6 hxg6 21. Bxf5 gxf5 22.
d5 c5 23. d6 g6 24. Qd5 Re5 25. Qa8+ Kg7 26. Qxa6 b4 27. Qb5 Qe6 28. d7 Re1+ 29.
Rxe1 Qxe1+ 30. Kh2 Qe5+ 31. g3 Qd4 32. Kg1 Qd1+ 33.
Kg2 f4 34. Qc6 fxg3 35. Qd5 Qe2 36. Kxg3 Qf1 37. d8=Q Qg1+ 38. Kf3 Qh1+ 39. Ke2 Qxh3 40. Qf3 Qe6+ 41. Qe3 Qf5 42. Qd5 Qc2+ 43. Qed2 Qb1 44. Qxc5 Qg1 45. Qce3 Qg4+ 46. Kd3 Qf5+ 47. Ke2 Qg4+ 48.
Qf3 Qe6+ 49. Qde3 Qa6 50. Qef4 Qxa2+ 51. Kf1 Qa1+ 52. Kg2 g5 53. Qf5 Qd4 54. Qh5 Qh4 55. Qxh4 Kf8 1-0

[Event "*** Titled Tuesday Blitz"]
[Site "Chess.com"]
[Date "2021.04.27"]
[Round "8"]
[White "sokidze"]
[Black "nocnypako"]
[Result "1-0"]
[WhiteElo "2700"]
[BlackElo "2552"]
[TimeControl "180+1"]
[EndTime "11:28:16 PDT"]
[Termination "sokidze won on time"]

1. e4 e6 2. d4 d5 3. Nd2 c5 4. exd5 Qxd5 5. Ngf3 cxd4 6. Bc4 Qd6 7. O-O Nf6 8. Qe2 Nc6 9. Rd1 Be7 10. Nb3 O-O 11.
Nbxd4 Nxd4 12. Rxd4 Qb6 13. c3 Bc5 14. Rh4 Bd7 15.
Bg5 Nd5 16. Ne5 Bc6 17. Bd3 f5 18. Nc4 Qc7 19. Qxe6+ Qf7 20. Qxf7+ Rxf7 21. Ne5 Rff8 22. Nxc6 bxc6 23. Rc4 Be7 24. Bxe7 Nxe7 25. Re1 Rfe8 26. Rc5 g6 27. Bc4+ Kf8 28. Rce5 Rad8 29. Kf1 Nc8 30.
Rxe8+ Rxe8 31. Rxe8+ Kxe8 32. Ke2 Ke7 33. Ke3 h6 34. h4 Nb6 35. Bb3 g5 36. hxg5 hxg5 37. Bc2 Ke6 38. Kd4 Nd7 39. b4 f4 40. Be4 Kd6 41.
c4 c5+ 42. bxc5+ Nxc5 43. Bd5 Na6 44. Ke4 Nb4 45. a3 Nc2 46. a4 Ne1 47. g3 fxg3 48.
fxg3 Nc2 49. Kf5 a5 50. Kxg5 Ne3 51. Kf4 Nd1 52. g4 Nb2 53. g5 Ke7 54. Kf5 Nxa4 55. g6 1-0

[Event "*** Titled Tuesday Blitz"]
[Site "Chess.com"]
[Date "2021.04.27"]
[Round "8"]
[White "AniJak"]
[Black "Grandmaster1369"]
[Result "1-0"]
[WhiteElo "2296"]
[BlackElo "2532"]
[TimeControl "180+1"]
[EndTime "11:28:16 PDT"]
[Termination "AniJak won by checkmate"]

1. e4 c5 2. Nc3 d6 3. g3 g6 4. Bg2 Bg7 5. d3 Nc6 6. Nh3 Nf6 7. O-O O-O 8. f4 Rb8 9. f5 b5 10. g4 Nd4 11. Nf4 e5 12. Nfd5 b4 13. Nxf6+ Bxf6 14. Nd5 Bg5 15. f6 Bxc1 16. Rxc1 h6 17. c3 bxc3 18.
bxc3 Ne6 19. Ne7+ Kh7 20. Nc6 Qc7 21. Nxb8 Qxb8 22. Rb1 Qc7 23. h3 Ba6 24. Qd2 Nf4 25.
c4 Ne6 26. Rb2 Nd4 27. Rfb1 Qd8 28. Qf2 Qa5 29. Bf1 Qc3 30. Kg2 Ne6 31. Qd2 Nf4+ 32. Kh2 Qd4 33. Qf2 Qc3 34. Qd2 Qd4 35. Qc2 Qe3 36.
Qf2 Qd4 37. Qxd4 cxd4 38. Rb8 Rxb8 39. Rxb8 g5 40. Ra8 Kg6 41. Rxa7 Bc8 42. Rc7 Be6 43. a4 Nd5 44. cxd5 Bxd5 45. exd5 h5 46. a5 hxg4 47.
hxg4 e4 48. dxe4 d3 49. Bxd3 Kxf6 50. a6 Ke5 51. a7 f5 52. a8=Q fxe4 53. Qh8+ Kf4 54.
Qf6+ Ke3 55. Bxe4 Kxe4 56. Re7+ Kd3 57. Qf3+ Kc4 58. Re4+ Kc5 59. Qc3+ Kxd5 60. Qd3+ Kc5 61. Rc4+ Kb6 62. Qb3+ Ka5 63. Ra4# 1-0

[Event "*** Titled Tuesday Blitz"]
[Site "Chess.com"]
[Date "2021.04.27"]
[Round "8"]
[White "AntonovaNadezhda"]
[Black "ChessAdvanceUSA"]
[Result "1-0"]
[WhiteElo "2128"]
[BlackElo "2289"]
[TimeControl "180+1"]
[EndTime "11:28:18 PDT"]
[Termination "AntonovaNadezhda won on time"]

1. d4 Nc6 2. Nf3 d6 3. c4 Nf6 4. Nc3 g6 5. e4 Bg7 6. d5 Nb8 7. Be2 O-O 8. O-O Bg4 9. h3 Bxf3 10. Bxf3 Nfd7 11. Qc2 a5 12. g3 Na6 13. Bg2 Nb4 14.
Qd1 Nc5 15. Be3 Nbd3 16. Qd2 Nxb2 17. Qxb2 Na4 18. Nxa4 Bxb2 19. Nxb2 c5 20. Nd3 b5 21.
cxb5 c4 22. Nb2 c3 23. Na4 Rc8 24. Rfc1 c2 25. Bf1 h5 26. Bb6 Qd7 27. Bxa5 h4 28. Nb6 Qa7 29. Nxc8 Qxa5 30. Nxe7+ Kg7 31. Rxc2 hxg3 32.
fxg3 Qa3 33. Kg2 Qe3 34. Re2 Qd4 35. Rb1 Qc4 36. b6 Rb8 37. b7 Qc7 38. Nc6 Rxb7 39. Rxb7 Qxb7 40. h4 Qb6 41. a4 Qb3 42. a5 Qa4 43.
Kh3 f6 44. Rf2 Kf7 45. Nd8+ Kg7 46. Nc6 Qxe4 47. Bg2 Qa4 48. Kh2 g5 49. Ne7 gxh4 50. Nf5+ Kf7 51. Nxh4 Qxa5 52. Nf5 Qc3 53. Nxd6+ Kg7 54.
Ne4 Qe5 55. Nxf6 Qd4 56. Ne8+ Kh8 57. Nf6 Qxf2 58. d6 Qd4 59. Ne8 1-0

[Event "*** Titled Tuesday Blitz"]
[Site "Chess.com"]
[Date "2021.04.27"]
[Round "8"]
[White "UKR_Master"]
[Black "andriipalchuk"]
[Result "1-0"]
[WhiteElo "2485"]
[BlackElo "2572"]
[TimeControl "180+1"]
[EndTime "11:28:24 PDT"]
[Termination "UKR_Master won on time"]

1. e4 e5 2. Nf3 Nc6 3. Bb5 a6 4.
Ba4 Nf6 5. O-O Nxe4 6. d4 b5 7. Bb3 d5 8. dxe5 Be6 9. c3 Bc5 10. Qe2 O-O 11. Be3 Bxe3 12. Qxe3 Qe7 13. Nbd2 Nxd2 14.
Nxd2 Rfd8 15. Nf3 Na5 16. Rfd1 c5 17. h3 Rac8 18. Qf4 f6 19. Bc2 Nc4 20. Qh4 h6 21. b3 Nb6 22. Re1 Re8 23. Bg6 Bf7 24.
Bf5 Rc6 25. Qg3 Qf8 26. Re2 fxe5 27. Nxe5 Rf6 28. Bc2 Ree6 29. Rae1 Qe8 30. Qd3 Kf8 31. Qh7 Bg8 32. Qd3 Bf7 33. Qd2 Kg8 34. f3 Nd7 35.
Nxd7 Qxd7 36. Qd3 Bg6 37. Qd2 Bxc2 38. Qxc2 d4 39. cxd4 cxd4 40. Qd3 Rxe2 41. Rxe2 Rc6 42. Rd2 Qd6 43. Qxd4 Rc1+ 44. Kf2 Qxd4+ 45. Rxd4 Rc2+ 46.
Kg3 Rxa2 47. Rd7 a5 48. Rb7 b4 49. Rb5 Ra3 50. Kf4 Kh7 51. h4 Kg6 52. g4 Kh7 53. h5 Kg8 54. Ke4 Kf7 55. Rb6 Rxb3 56. Rb7+ Kg8 57. f4 Rg3 58. Kf5 b3 59. g5 hxg5 60. fxg5 Kf8 61. Kg6 1-0

[Event "*** Titled Tuesday Blitz"]
[Site "Chess.com"]
[Date "2021.04.27"]
[Round "8"]
[White "GregShahade"]
[Black "Natalya_Buksa"]
[Result "0-1"]
[WhiteElo "2650"]
[BlackElo "2532"]
[TimeControl "180+1"]
[EndTime "11:28:25 PDT"]
[Termination "Natalya_Buksa won by checkmate"]

1. e4 c5 2. Nf3 Nc6 3. d4 cxd4 4.
Nxd4 Nf6 5. Nc3 e5 6. Ndb5 d6 7.
Bg5 a6 8. Na3 b5 9. Nd5 Be7 10.
Bxf6 Bxf6 11. c4 b4 12. Nc2 O-O 13. g3 a5 14. Bg2 g6 15. Nxf6+ Qxf6 16. O-O Rd8 17. b3 a4 18. Qd2 Rb8 19. Rad1 Be6 20. Rfe1 Qe7 21. Re3 Qa7 22. Rd3 Rd7 23. Bf3 axb3 24.
axb3 Qa2 25. Ra1 Qb2 26. Qd1 Ra7 27. Rb1 Qa2 28. Rxd6 Na5 29. Ne3 Kg7 30. Rd2 Qa3 31.
Nc2 Qa2 32. Nd4 Qa3 33. Ra1 exd4 34. Rxa3 bxa3 35. Rxd4 Nxb3 36. Rd2 a2 37. Rxa2 Rxa2 38. Kg2 Rd2 39. Qb1 Bxc4 40. Qe1 Be6 41. Qe3 Rc8 42. e5 Rcc2 43. Qg5 Rxf2+ 44. Kg1 Rxf3 45. h4 Rcc3 46.
Kh2 h6 47. Qe7 Rxg3 48. h5 Rgf3 49. hxg6 Kxg6 50. Qf8 Rg3 51. Qg8+ Kf5 52. Qh7+ Kf4 53.
Qxh6+ Kxe5 54. Qh5+ Kd6 55. Qd1+ Rcd3 56. Qf1 Rh3+ 57.
Kg1 Rdg3+ 58. Kf2 Rf3+ 59. Kg2 Rxf1 60. Kxf1 Rc3 61. Kg2 Bd5+ 62. Kh2 Bc6 63. Kg1 f5 64. Kh2 Rc2+ 65. Kg1 Bb5 66. Kh1 f4 67. Kg1 f3 68. Kh1 f2 69. Kg2 f1=Q+ 70. Kg3 Rg2+ 71. Kh4 Qh1# 0-1

[Event "*** Titled Tuesday Blitz"]
[Site "Chess.com"]
[Date "2021.04.27"]
[Round "8"]
[White "queen_iryna"]
[Black "woodhy"]
[Result "1-0"]
[WhiteElo "2403"]
[BlackElo "2480"]
[TimeControl "180+1"]
[EndTime "11:28:25 PDT"]
[Termination "queen_iryna won by resignation"]

1. e4 e6 2. d4 d5 3. Nc3 Bb4 4. e5 c5 5. a3 Bxc3+ 6. bxc3 Ne7 7. Qg4 Qc7 8. Qxg7 Rg8 9. Qxh7 cxd4 10. Ne2 Nbc6 11.
f4 dxc3 12. Qd3 Bd7 13. Rg1 a6 14. g4 Na5 15. Qxc3 Nc4 16. Nd4 Rc8 17. Bxc4 dxc4 18.
Qf3 Nd5 19. c3 Rh8 20. Rh1 Qb6 21. Bd2 Qb2 22. Rd1 Ba4 23. Rc1 Qxa3 24. h4 Qc5 25. h5 Bc6 26. Nxc6 Rxc6 27. h6 Rc7 28. h7 Rd7 29. Ke2 Qf8 30. Rh5 Qg7 31. Rch1 Ne7 32. Rg5 Ng6 33. f5 Qxe5+ 34. Qe3 Nf4+ 35. Kf3 Rd3 36. Rg8+ Ke7 37. Rxh8 Rxe3+ 38. Bxe3 Qd5+ 39. Kxf4 Qxh1 40. Bc5+ Kd7 41. Bd4 Qh2+ 42. Kg5 exf5 43. gxf5 Ke7 44. Re8+ Kxe8 45. h8=Q+ Qxh8 46. Bxh8 a5 47.
Be5 a4 48. Bd6 Kd7 49. Bb4 Ke8 50. Kf6 b5 51. Ba3 Kd7 52. Kxf7 Kc6 53. f6 Kd5 54.
Ke7 Ke4 55. f7 Kd3 56. Bb4 a3 57. Bxa3 Kxc3 58. f8=Q Kb3 59. Qf3+ c3 60. Kd6 b4 61. Bxb4 Kxb4 62. Qd1 Ka3 63. Qc1+ Kb3 64. Kd5 c2 65. Kd4 Ka2 66. Kd3 Kb3 67. Qxc2+ Kb4 68.
Qb1+ Kc5 69. Qb3 Kd6 70. Qc4 Ke5 71. Qe4+ Kf6 72. Kd4 Kf7 73. Qe5 Kg6 74. Kd5 1-0

[Event "*** Titled Tuesday Blitz"]
[Site "Chess.com"]
[Date "2021.04.27"]
[Round "8"]
[White "TST2014"]
[Black "VerdeNotte"]
[Result "0-1"]
[WhiteElo "2668"]
[BlackElo "2883"]
[TimeControl "180+1"]
[EndTime "11:28:26 PDT"]
[Termination "VerdeNotte won by checkmate"]

1. d4 d6 2. Nf3 g6 3. c4 Bg7 4.
Nc3 e5 5. dxe5 dxe5 6. Qxd8+ Kxd8 7. Bd2 c6 8. O-O-O Nd7 9. Ng5 Ke7 10. Nce4 a5 11.
Bc3 Bh6 12. f4 f6 13. Nh3 exf4 14. Bd2 g5 15. e3 fxe3 16. Bxe3 g4 17. Nf4 f5 18. Nd6 Ne5 19. c5 Nf6 20. Bc4 Nxc4 21. Nxc4 Be6 22. Nxe6 Bxe3+ 23. Nxe3 Kxe6 24. Rhe1 Rad8 25. Nc4+ Ne4 26. Nd6 b5 27. Nxe4 Rxd1+ 28. Kxd1 fxe4 29.
Rxe4+ Kd5 30. Rxg4 Kxc5 31. Rh4 Rg8 32. g3 Rg7 33.
Kd2 Rf7 34. Kd3 Rf2 35. Kc3 b4+ 36. Kb3 a4+ 37. Kxa4 Rxb2 38. a3 bxa3 39. Kxa3 Rb7 40. Rh6 Kd5 41. g4 c5 42. g5 c4 43. Rh5 Kd4 44.
Rh4+ Kc3 45. Rh3+ Kd2 46. Rg3 c3 47. Rg2+ Kd1 48. Rg1+ Ke2 49. Rg2+ Ke3 50. Rg3+ Kd4 51. Rg4+ Kd5 52. Rg3 Rc7 53. Rg1 Kc4 54. Ka2 Ra7+ 55. Kb1 Kb3 56. Rg3 Rf7 57. Rg1 Rf2 58. h4 Rb2+ 59.
Kc1 Ra2 60. g6 Ra1# 0-1

[Event "*** Titled Tuesday Blitz"]
[Site "Chess.com"]
[Date "2021.04.27"]
[Round "8"]
[White "metalbattler"]
[Black "malakismayil"]
[Result "0-1"]
[WhiteElo "2127"]
[BlackElo "2244"]
[TimeControl "180+1"]
[EndTime "11:28:26 PDT"]
[Termination "malakismayil won by resignation"]

1. d4 Nf6 2. Bf4 e6 3. e3 d5 4.
Nd2 Be7 5. Ngf3 O-O 6. c3 c5 7. Bd3 Nbd7 8. Ne5 Nxe5 9. Bxe5 Nd7 10.
Bg3 f5 11. Nf3 Qb6 12. Rb1 a6 13. O-O Qd8 14. Ne5 Nxe5 15. Bxe5 b5 16. f4 Bb7 17.
g4 Bc8 18. Kh1 c4 19. Bc2 Bf6 20. Rg1 Bxe5 21. fxe5 Qh4 22. gxf5 exf5 23. Qf3 Be6 24. Rbf1 Rf7 25. Rg3 Raf8 26. Qf4 Qxf4 27. exf4 Kh8 28. Rfg1 Rb7 29. a3 a5 30. Rh3 Kg8 31. Rhg3 b4 32. axb4 axb4 33. cxb4 Kh8 34. b5 Rg8 35. Ba4 Ra8 36. Ra3 Bd7 37. Rga1 h5 38.
Kg2 Bxb5 39. Bxb5 Rxa3 40. Rxa3 Rxb5 41. Ra2 Rb3 42. Kf2 Rd3 43. Ra7 Rxd4 44. Kg3 h4+ 45. Kxh4 Rxf4+ 46. Kg5 Rf2 47. Kg6 Rg2+ 48. Kxf5 Kh7 49.
e6 Re2 50. Rd7 Rxb2 51. Rxd5 Rf2+ 52. Kg5 Re2 53. Kf5 c3 54. Re5 Rxe5+ 55. Kxe5 c2 56. e7 c1=Q 57. Ke6 Qe1+ 58. Kd7 Qd2+ 59. Ke8 Qxh2 60.
Kf8 Qf2+ 61. Ke8 Qe3 62. Kd8 g5 0-1

[Event "*** Titled Tuesday Blitz"]
[Site "Chess.com"]
[Date "2021.04.27"]
[Round "8"]
[White "K_A_S_T_O_R"]
[Black "Nikolakis2014"]
[Result "1-0"]
[WhiteElo "2784"]
[BlackElo "2627"]
[TimeControl "180+1"]
[EndTime "11:28:27 PDT"]
[Termination "K_A_S_T_O_R won by resignation"]

1. e4 e5 2. Nf3 Nc6 3. Bb5 a6 4. Ba4 Nf6 5. O-O Be7 6. Re1 b5 7. Bb3 d6 8. c3 O-O 9. h3 Nb8 10. d4 Nbd7 11. Nbd2 Bb7 12. Bc2 Re8 13. a4 Bf8 14.
Bd3 c6 15. b3 g6 16. Bb2 Nh5 17. Qc2 exd4 18. cxd4 Nf4 19. Bf1 d5 20. e5 b4 21. g3 Ne6 22. Rad1 c5 23. dxc5 Bxc5 24. Bg2 Rc8 25. Nf1 Bd4 26. Qe2 Bc3 27. Bxc3 bxc3 28. Ne3 Ndc5 29. Ng4 Nxb3 30. Qe3 h5 31. Nf6+ Kg7 32.
Rd3 Qa5 33. Nxe8+ Rxe8 34. Rxc3 d4 35. Nxd4 Nbxd4 36. Bxb7 Nf5 37. Qc1 Ned4 38. Kg2 Qxa4 39. Rc7 Qb5 40. Qc4 Re6 41. Bd5 Qa5 42. Bxe6 Qxe1 43.
Rxf7+ Kh6 44. Bxf5 Ne2 45. Rh7+ Kxh7 46. Qf7+ Kh8 47.
Qe8+ Kg7 48. Qxg6+ Kf8 49. Qf6+ Ke8 50. Bg6+ Kd7 51.
Qd6+ Kc8 52. Bf5+ Kb7 53. Be4+ Kc8 54. Qc6+ Kd8 55. Qd6+ Kc8 56. Bc6 Qg1+ 57. Kf3 Nd4+ 58. Qxd4 Qh1+ 59. Kf4 Qxc6 60. Qb4 Kc7 61. Kf5 Qf3+ 62.
Ke6 Qc6+ 63. Qd6+ Qxd6+ 64. exd6+ Kd8 65. Kd5 a5 66. g4 Kd7 67. gxh5 a4 68. Kc4 a3 69. Kb3 Kxd6 1-0

[Event "*** Titled Tuesday Blitz"]
[Site "Chess.com"]
[Date "2021.04.27"]
[Round "8"]
[White "thechesscorner64"]
[Black "VladimirBugayev"]
[Result "1/2-1/2"]
[WhiteElo "2373"]
[BlackElo "2255"]
[TimeControl "180+1"]
[EndTime "11:28:27 PDT"]
[Termination "Game drawn by repetition"]

1. e4 c6 2. d4 d5 3. exd5 cxd5 4.
c4 Nf6 5. Nc3 Nc6 6. Nf3 Bg4 7.
cxd5 Nxd5 8. Qb3 Bxf3 9. gxf3 e6 10. Qxb7 Nxd4 11. Bb5+ Nxb5 12. Qc6+ Ke7 13. Qxb5 Qd7 14. Nxd5+ Qxd5 15. Bg5+ f6 16. Qxd5 exd5 17. Be3 Ke6 18. O-O-O Bb4 19. a3 Rhc8+ 20. Kb1 Ba5 21. Rd3 Rc7 22.
Rhd1 Rd8 23. h4 g6 24. b4 Bb6 25. Bxb6 axb6 26. Kb2 Ke5 27. h5 g5 28. Re3+ Kf5 29. Kb3 d4 30. Red3 Ke5 31. Re1+ Kd5 32. Re4 Rc4 33. Re7 Rdc8 34. Rd7+ Ke5 35. Re7+ Kd6 36.
Rxh7 Rc3+ 37. Rxc3 Rxc3+ 38. Ka4 d3 39. Rh8 Ke7 40.
Rh7+ Ke6 41. Rh8 Ke7 42. Rh7+ Ke6 43. Rh8 Rc6 44. Re8+ Kd5 45. Re1 Kd4 46. h6 d2 47.
Rd1 Kd3 48. h7 Rc8 49. Kb5 Rh8 50. Kxb6 Rxh7 51. a4 Kc2 52. Rxd2+ Kxd2 53. a5 Ke2 54. a6 Kxf2 55. b5 Kxf3 56. a7 Rh8 57. Ka6 g4 58.
b6 g3 59. b7 g2 60. b8=Q Rxb8 61. axb8=Q g1=Q 62. Qb7+ Kf4 63. Qc7+ Kf5 64. Qd7+ Kg6 65. Qe8+ Kg7 66. Qe7+ Kg6 67. Qe8+ Kg7 68. Qe7+ Kg6 69. Qe8+ 1/2-1/2

[Event "*** Titled Tuesday Blitz"]
[Site "Chess.com"]
[Date "2021.04.27"]
[Round "8"]
[White "Goryachkina"]
[Black "gmcorrales"]
[Result "0-1"]
[WhiteElo "2667"]
[BlackElo "2864"]
[TimeControl "180+1"]
[EndTime "11:28:28 PDT"]
[Termination "gmcorrales won on time"]

1. e4 c5 2. Nf3 Nc6 3. c3 Nf6 4. e5 Nd5 5. Bc4 Nb6 6. Bb3 d5 7. exd6 Qxd6 8. d4 cxd4 9. cxd4 Be6 10. O-O Bxb3 11. Qxb3 e6 12. Nc3 Be7 13. Rd1 Rd8 14.
Be3 O-O 15. Rac1 Qb8 16. d5 Nxd5 17. Nxd5 exd5 18. Rxd5 Bf6 19. Rcd1 h6 20. h3 Rxd5 21. Rxd5 b6 22. Rd7 Qc8 23. Qd5 Bxb2 24. Bf4 Nb4 25. Qd1 Nxa2 26. Rxa7 Nc3 27. Qc2 Qc4 28. Re7 Ba3 29.
Re3 Qxf4 30. Rxc3 Bc5 31. Rc4 Qf6 32. Qe2 Ra8 33. Re4 Qc6 34. g3 g6 35. Kg2 Kh7 36.
g4 Qd5 37. Re5 Qd6 38. g5 h5 39. Re4 Ra3 40. Qc4 Kg7 41. Rf4 Ra7 42. Qc3+ Kg8 43. Qc4 Rd7 44. Re4 Kg7 45. Qc3+ Kh7 46. Re8 Bd4 47. Nxd4 Qxd4 48. Qxd4 Rxd4 49. Re7 Kg7 50. Rb7 Rb4 51. Kf3 h4 52. Kg2 Kf8 53. Kf3 Ke8 54. Kg2 Rb5 55. Kf3 Rb4 56. Kg2 b5 57. Kf3 Kf8 58. Kg2 Rb3 59. Rc7 Ke8 60. Rb7 b4 61.
Kh2 Rb1 62. Kg2 b3 63. Kh2 Kd8 64. Kg2 Kc8 65. Rxf7 b2 66. Rf8+ Kc7 67. Rf7+ Kc6 0-1

[Event "*** Titled Tuesday Blitz"]
[Site "Chess.com"]
[Date "2021.04.27"]
[Round "8"]
[White "CSB7"]
[Black "Iball95"]
[Result "0-1"]
[WhiteElo "2730"]
[BlackElo "2636"]
[TimeControl "180+1"]
[EndTime "11:28:29 PDT"]
[Termination "Iball95 won by checkmate"]

1. e4 c5 2. Nf3 Nc6 3. d4 cxd4 4.
Nxd4 g6 5. Nc3 Bg7 6. Be3 Nf6 7. Bc4 O-O 8. Bb3 a5 9. O-O d6 10. f3 Nxd4 11. Bxd4 Bd7 12. a4 Bc6 13. Nd5 Nxd5 14.
exd5 Bd7 15. Re1 Re8 16. Bxg7 Kxg7 17. Qd4+ Kg8 18. Bc4 Qc7 19. b3 Qc5 20. Qxc5 dxc5 21. Kf2 Kf8 22. h4 Rad8 23. Rad1 h5 24. Re5 Bf5 25. Rd2 Rd6 26. Rde2 Bd7 27. Kg3 Bc8 28.
Bb5 Bd7 29. c4 Bxb5 30. axb5 b6 31. Kf4 Rd7 32. g4 hxg4 33. fxg4 Ra8 34. Ra2 Rda7 35. h5 Kg7 36. hxg6 Kxg6 37. Rae2 Kf6 38. g5+ Kg6 39. Rxe7 a4 40. Rxa7 Rxa7 41. Ra2 a3 42.
Kg4 f6 43. gxf6 Kxf6 44. Kf4 Ra8 45. Ke4 Ra7 46. Rf2+ Kg6 47. Ra2 Kf6 48. Kd3 Ke5 49. Re2+ Kf6 50. Re1 a2 51. Ra1 Ke5 52. Kc3 Ke4 53.
Re1+ Kf3 54. Kb2 Ra8 55. Ra1 Ke4 56. Rxa2 Rh8 57. Ra7 Kd4 58. Rf7 Rh2+ 59. Ka3 Kc3 60. Rf3+ Kc2 61. d6 Rh1 62. Ka2 Rh8 63. d7 Ra8# 0-1